Abbotsford Heat vs Tucson Roadrunners
Created - Thursday, March 30, 2023 at 07:11
Goals
|
| Abbotsford Heat |
2 |
2 |
1 |
5 |
| Tucson Roadrunners |
1 |
2 |
0 |
3 |
|
Shots
|
| Abbotsford Heat |
9 |
16 |
7 |
32 |
| Tucson Roadrunners |
10 |
10 |
10 |
30 |
|
1st period
1. Abbotsford Heat , Alex Limoges 2 (Benoit-Olivier Groulx 3, Jacob Peterson 2) at 12:58
2. Abbotsford Heat , Rafael Harvey-Pinard 7 (Cole Sillinger 5) at 17:51
3. Tucson Roadrunners , Rocco Grimaldi 6 (Carson Soucy 4) at 18:07
Penalties :
Wyatt Newpower (ABH) for Hooking (Minor) at 7:15, Dennis Gilbert (ABH) for Holding (Minor) at 10:27
2nd period
4. Tucson Roadrunners , Matthew Nieto 12 (Rocco Grimaldi 9, Justin Danforth 8) at 0:14
5. Abbotsford Heat , Yakov Trenin 15 (Bobby Brink 8, Ryan Merkley 7) at 11:03
6. Abbotsford Heat , Bobby Brink 8 (Cole Perfetti 7, Ryan Merkley 8) at 12:01 (PP)
7. Tucson Roadrunners , Matthew Nieto 13 (Rocco Grimaldi 10, Robert Hagg 8) at 12:34
Penalties :
Lukas Rousek (TRR) for Hooking (Minor) at 11:45
3rd period
8. Abbotsford Heat , Benoit-Olivier Groulx 4 (Jacob Peterson 3, Vincent Desharnais 5) at 0:46
Penalties :
Nicolas Meloche (TRR) for High sticking (Minor) at 1:09, Andre Lee (TRR) for Hooking (Minor) at 18:16
Goalie Stats
Pheonix Copley (ABH), 27 saves from 30 shots - (0.900), W, 3-6-1, 60:00 minutes
Martin Jones (TRR), 27 saves from 32 shots - (0.844), L, 6-3-2, 60:00 minutes
Players Stats for Abbotsford Heat
Player Name G A P +/- PIM S H SB GA TA FO MP PP MP PK MP
------------------------------------------------------------------------------------
Alex Limoges 1 0 1 2 0 3 1 0 0 0 0/0 13:51 0:00 0:00
Benoit-Olivier Groulx 1 1 2 2 0 5 0 2 0 0 2/4 14:50 0:00 0:48
Bobby Brink 1 1 2 -2 0 6 1 0 2 0 1/1 21:44 2:21 1:19
Cole Perfetti 0 1 1 -2 0 1 1 1 1 1 0/1 21:42 2:21 1:19
Cole Sillinger 0 1 1 1 0 3 3 1 1 0 3/5 18:44 1:37 2:03
Daniil Miromanov 0 0 0 0 0 0 0 1 0 0 0/0 11:48 0:00 0:00
Dennis Gilbert 0 0 0 1 2 0 0 2 0 0 0/0 18:58 1:36 0:53
Filip Chlapik 0 0 0 0 0 0 0 0 0 0 0/0 5:44 0:00 0:24
Gabriel Fortier 0 0 0 0 0 0 0 0 0 1 1/2 4:41 0:00 0:00
Jacob Peterson 0 2 2 2 0 4 1 0 1 0 1/2 15:50 0:00 0:00
Lane Pederson 0 0 0 1 0 1 3 0 0 0 1/1 16:59 1:37 0:00
Michael Anderson 0 0 0 0 0 2 1 0 1 0 0/0 27:49 2:22 2:09
Rafael Harvey-Pinard 1 0 1 1 0 1 1 0 0 1 0/1 16:58 1:37 0:00
Ryan Merkley 0 2 2 -1 0 2 4 2 0 1 0/0 27:49 2:22 2:16
Shane Pinto 0 0 0 0 0 0 0 0 0 0 0/0 2:12 0:00 0:00
Vincent Desharnais 0 1 1 2 0 0 3 1 1 0 0/0 20:08 1:36 1:42
Wyatt Newpower 0 0 0 0 2 0 4 0 0 2 0/0 12:38 0:00 0:56
Yakov Trenin 1 0 1 -2 0 4 1 0 1 0 9/29 23:35 2:21 2:03
Players Stats for Tucson Roadrunners
Player Name G A P +/- PIM S H SB GA TA FO MP PP MP PK MP
------------------------------------------------------------------------------------
Andre Lee 0 0 0 -1 2 0 1 2 0 0 0/0 8:28 0:00 0:00
Ben Jones 0 0 0 -1 0 1 0 1 0 0 2/2 7:55 0:00 0:00
Carson Soucy 0 1 1 1 0 0 0 1 1 2 0/0 25:13 2:09 2:33
Gage Goncalves 0 0 0 0 0 0 1 0 0 0 0/0 5:02 0:12 0:00
Justin Danforth 0 1 1 1 0 2 2 1 1 0 9/19 18:10 2:03 0:51
Lukas Rousek 0 0 0 -1 2 1 0 1 0 1 0/1 13:31 0:00 0:00
Marian Studenic 0 0 0 -1 0 2 2 0 0 0 0/0 14:55 0:12 0:47
Matthew Highmore 0 0 0 0 0 3 0 0 0 0 0/0 16:38 1:43 0:34
Matthew Nieto 2 0 2 0 0 6 1 1 0 1 4/6 23:49 2:03 2:27
Michal Kempny 0 0 0 -1 0 2 2 1 1 1 0/0 21:27 1:49 1:25
Mikhail Maltsev 0 0 0 -1 0 2 1 1 0 0 4/6 14:09 0:12 0:00
Nick Seeler 0 0 0 -1 0 0 0 2 0 1 0/0 14:18 0:00 0:40
Nicolas Meloche 0 0 0 -1 2 3 0 0 0 0 0/0 20:41 1:49 0:45
Robert Hagg 0 1 1 1 0 0 0 1 0 1 0/0 25:13 2:09 2:33
Rocco Grimaldi 1 2 3 1 0 5 3 0 1 0 1/1 19:53 2:03 2:26
Scott Reedy 0 0 0 0 0 1 1 0 1 0 7/10 16:04 1:43 0:00
Simon Benoit 0 0 0 -1 0 0 0 1 0 0 0/0 13:38 0:00 0:00
William Carrier 0 0 0 0 0 2 2 0 1 1 1/1 16:55 1:43 0:51
3 Stars
1 - Rocco Grimaldi (TRR)
2 - Benoit-Olivier Groulx (ABH)
3 - Matthew Nieto (TRR)
Power Play
Abbotsford Heat - 1 on 3 Attempt(s) - 33.33%
Tucson Roadrunners - 0 on 2 Attempt(s) - 0.00%
Penalty Kill
Abbotsford Heat - 2 on 2 Attempt(s) - 100.00%
- Score 0 goal in Penalty Kill
Tucson Roadrunners - 2 on 3 Attempt(s) - 66.67%
- Score 0 goal in Penalty Kill
Team Stat
Abbotsford Heat - Hits : 24 - Faceoff Wins : 18 - Blocked Shots : 10 - Penalty Minutes : 4
Tucson Roadrunners - Hits : 16 - Faceoff Wins : 28 - Blocked Shots : 13 - Penalty Minutes : 6
Official
Referees : Mike Hasenfratz and Dan O'Halloran
Linesman : Trent Knorr and Tim Nowak
Game Notes
No Game Note
Abbotsford Heat
5 vs 5 Forward
Center Left Wing Right Wing Time % Phy DF OF
1 Yakov Trenin Cole Perfetti Bobby Brink 40 1 2 2
2 Cole Sillinger Rafael Harvey-Pinard Lane Pederson 30 1 2 2
3 Benoit-Olivier Groulx Alex Limoges Jacob Peterson 20 1 2 2
4 Jacob Peterson Gabriel Fortier Yakov Trenin 10 1 2 2
5 vs 5 Defense
Defense Defense Time % Phy DF OF
1 Michael Anderson Ryan Merkley 40 1 2 2
2 Vincent Desharnais Dennis Gilbert 30 1 2 2
3 Daniil Miromanov Wyatt Newpower 20 1 2 2
4 Michael Anderson Ryan Merkley 10 1 2 2
PowerPlay Forward
Center Left Wing Right Wing Time % Phy DF OF
1 Yakov Trenin Cole Perfetti Bobby Brink 60 1 2 2
2 Cole Sillinger Rafael Harvey-Pinard Lane Pederson 40 1 2 2
PowerPlay Defense
Defense Defense Time % Phy DF OF
1 Michael Anderson Ryan Merkley 60 1 2 2
2 Vincent Desharnais Dennis Gilbert 40 1 2 2
Penalty Kill 4 Players Forward
Center Wing Time % Phy DF OF
1 Yakov Trenin Cole Sillinger 60 1 2 2
2 Bobby Brink Cole Perfetti 40 1 2 2
Penalty Kill 4 Players Defense
Defense Defense Time % Phy DF OF
1 Michael Anderson Ryan Merkley 60 1 2 2
2 Vincent Desharnais Dennis Gilbert 40 1 2 2
Penalty Kill - 3 Players Forward
Forward Time % Phy DF OF
1 Yakov Trenin 60 1 2 2
2 Cole Sillinger 40 1 2 2
Penalty Kill - 3 Players Defense
Defense Defense Time % Phy DF OF
1 Michael Anderson Ryan Merkley 60 1 2 2
2 Vincent Desharnais Dennis Gilbert 40 1 2 2
4 vs 4 Forward
Center Wing Time % Phy DF OF
1 Yakov Trenin Cole Sillinger 60 1 2 2
2 Bobby Brink Cole Perfetti 40 1 2 2
4 vs 4 Defense
Defense Defense Time % Phy DF OF
1 Michael Anderson Ryan Merkley 60 1 2 2
2 Vincent Desharnais Dennis Gilbert 40 1 2 2
Last Minutes Offensive
Center Left Wing Right Wing Defense Defense
Yakov Trenin Cole Perfetti Bobby Brink Michael Anderson Ryan Merkley
Last Minutes Defensive
Center Left Wing Right Wing Defense Defense
Yakov Trenin Cole Perfetti Bobby Brink Michael Anderson Ryan Merkley
Goaltenders
Starting : Pheonix Copley
Backup : Dustin Wolf
Extra Forwards
Normal : Filip Chlapik, Shane Pinto, Benoit-Olivier Groulx - PP : Filip Chlapik, Shane Pinto - PK : Benoit-Olivier Groulx
Extra Defensemen
Normal : Daniil Miromanov, Wyatt Newpower, Vincent Desharnais - PP : Daniil Miromanov - PK : Wyatt Newpower, Vincent Desharnais
Penalty Shots
Yakov Trenin, Cole Sillinger, Bobby Brink, Cole Perfetti, Benoit-Olivier Groulx
Tucson Roadrunners
5 vs 5 Forward
Center Left Wing Right Wing Time % Phy DF OF
1 Justin Danforth Matthew Nieto Rocco Grimaldi 40 1 2 2
2 Scott Reedy William Carrier Matthew Highmore 30 1 2 2
3 Mikhail Maltsev Lukas Rousek Marian Studenic 20 1 2 2
4 Ben Jones Andre Lee Matthew Nieto 10 1 2 2
5 vs 5 Defense
Defense Defense Time % Phy DF OF
1 Carson Soucy Robert Hagg 40 1 2 2
2 Nicolas Meloche Michal Kempny 30 1 2 2
3 Simon Benoit Nick Seeler 20 1 2 2
4 Carson Soucy Robert Hagg 10 1 2 2
PowerPlay Forward
Center Left Wing Right Wing Time % Phy DF OF
1 Justin Danforth Matthew Nieto Rocco Grimaldi 60 1 2 2
2 Scott Reedy William Carrier Matthew Highmore 40 1 2 2
PowerPlay Defense
Defense Defense Time % Phy DF OF
1 Carson Soucy Robert Hagg 60 1 2 2
2 Nicolas Meloche Michal Kempny 40 1 2 2
Penalty Kill 4 Players Forward
Center Wing Time % Phy DF OF
1 Matthew Nieto Rocco Grimaldi 60 1 2 2
2 William Carrier Justin Danforth 40 1 2 2
Penalty Kill 4 Players Defense
Defense Defense Time % Phy DF OF
1 Carson Soucy Robert Hagg 60 1 2 2
2 Nicolas Meloche Michal Kempny 40 1 2 2
Penalty Kill - 3 Players Forward
Forward Time % Phy DF OF
1 Matthew Nieto 60 1 2 2
2 Rocco Grimaldi 40 1 2 2
Penalty Kill - 3 Players Defense
Defense Defense Time % Phy DF OF
1 Carson Soucy Robert Hagg 60 1 2 2
2 Nicolas Meloche Michal Kempny 40 1 2 2
4 vs 4 Forward
Center Wing Time % Phy DF OF
1 Matthew Nieto Rocco Grimaldi 60 1 2 2
2 William Carrier Justin Danforth 40 1 2 2
4 vs 4 Defense
Defense Defense Time % Phy DF OF
1 Carson Soucy Robert Hagg 60 1 2 2
2 Nicolas Meloche Michal Kempny 40 1 2 2
Last Minutes Offensive
Center Left Wing Right Wing Defense Defense
Justin Danforth Matthew Nieto Rocco Grimaldi Carson Soucy Robert Hagg
Last Minutes Defensive
Center Left Wing Right Wing Defense Defense
Justin Danforth Matthew Nieto Rocco Grimaldi Carson Soucy Robert Hagg
Goaltenders
Starting : Martin Jones
Backup : Jaroslav Halak
Extra Forwards
Normal : Gage Goncalves, Mikhail Maltsev, Marian Studenic - PP : Gage Goncalves, Mikhail Maltsev - PK : Marian Studenic
Extra Defensemen
Normal : Simon Benoit, Nick Seeler, Nicolas Meloche - PP : Simon Benoit - PK : Nick Seeler, Nicolas Meloche
Penalty Shots
Matthew Nieto, Rocco Grimaldi, William Carrier, Justin Danforth, Scott Reedy
% Time on Ice - Abbotsford Heat
Lines # - Real PCT - Wanted PCT - Time Play
Normal Forward
1 - 34% - 40% - 17:48
2 - 31% - 30% - 15:59
3 - 27% - 20% - 13:51
4 - 9% - 10% - 4:26
Normal Defense
1 - 39% - 40% - 20:07
2 - 32% - 30% - 16:50
3 - 23% - 20% - 11:51
4 - 6% - 10% - 3:16
PP Forward
1 - 59% - 60% - 2:21
2 - 41% - 40% - 1:37
PP Defense
1 - 60% - 60% - 2:22
2 - 40% - 40% - 1:36
PK Forward
1 - 67% - 60% - 2:39
2 - 33% - 40% - 1:19
PK Defense
1 - 47% - 60% - 1:52
2 - 53% - 40% - 2:06
PK3 Forward
1 - 0% - 60%
2 - 0% - 40%
PK3 Defense
1 - 0% - 60%
2 - 0% - 40%
44 Forward
1 - 0% - 60%
2 - 0% - 40%
44 Defense
1 - 0% - 60%
2 - 0% - 40%
Last Minute Offensive - 0:00
Last Minute Defensive - 0:00
Total
Forward - 60:00
Defense - 60:00
|
% Time on Ice - Tucson Roadrunners
Lines # - Real PCT - Wanted PCT - Time Play
Normal Forward
1 - 29% - 40% - 15:17
2 - 29% - 30% - 15:20
3 - 26% - 20% - 13:32
4 - 15% - 10% - 7:55
Normal Defense
1 - 35% - 40% - 18:06
2 - 35% - 30% - 18:06
3 - 26% - 20% - 13:38
4 - 4% - 10% - 2:14
PP Forward
1 - 57% - 60% - 2:15
2 - 43% - 40% - 1:43
PP Defense
1 - 54% - 60% - 2:09
2 - 46% - 40% - 1:49
PK Forward
1 - 79% - 60% - 3:07
2 - 21% - 40% - 0:51
PK Defense
1 - 64% - 60% - 2:33
2 - 36% - 40% - 1:25
PK3 Forward
1 - 0% - 60%
2 - 0% - 40%
PK3 Defense
1 - 0% - 60%
2 - 0% - 40%
44 Forward
1 - 0% - 60%
2 - 0% - 40%
44 Defense
1 - 0% - 60%
2 - 0% - 40%
Last Minute Offensive - 0:00
Last Minute Defensive - 0:00
Total
Forward - 60:00
Defense - 60:00
|
Play-by-Play
1st period
0:01 of 1st period - Yakov Trenin wins face-off versus Matthew Nieto in neutral zone.
0:31 of 1st period - Snap shot by William Carrier.
0:31 of 1st period - Shot Misses the Net.
0:35 of 1st period - Snap shot by Matthew Highmore.
0:35 of 1st period - Shot Misses the Net.
0:37 of 1st period - Snap shot by Matthew Highmore.
0:37 of 1st period - Stopped by Pheonix Copley without a rebound.
0:38 of 1st period - Mikhail Maltsev wins face-off versus Benoit-Olivier Groulx in Abbotsford Heat zone.
0:39 of 1st period - Slapshot by Marian Studenic.
0:39 of 1st period - Shot Blocked by Dennis Gilbert.
1:04 of 1st period - Dennis Gilbert is hit by Andre Lee and loses puck.
1:33 of 1st period - Snap shot by William Carrier.
1:33 of 1st period - Shot Misses the Net.
1:35 of 1st period - Snap shot by Matthew Highmore.
1:35 of 1st period - Shot Misses the Net.
1:45 of 1st period - Matthew Nieto is hit by Wyatt Newpower and loses puck.
3:02 of 1st period - Carson Soucy is hit by Lane Pederson.
3:49 of 1st period - Slapshot by Cole Sillinger.
3:49 of 1st period - Stopped by Martin Jones with a rebound.
4:55 of 1st period - Wrist shot by Matthew Highmore.
4:55 of 1st period - Stopped by Pheonix Copley with a rebound.
4:57 of 1st period - Slapshot by Nicolas Meloche.
4:57 of 1st period - Stopped by Pheonix Copley with a rebound.
4:59 of 1st period - Slapshot by Michal Kempny.
4:59 of 1st period - Stopped by Pheonix Copley with a rebound.
5:45 of 1st period - Icing by Jacob Peterson.
5:46 of 1st period - Ben Jones wins face-off versus Jacob Peterson in Abbotsford Heat zone.
5:47 of 1st period - Snap shot by Andre Lee.
5:47 of 1st period - Shot Misses the Net.
5:59 of 1st period - Snap shot by Cole Sillinger.
5:59 of 1st period - Shot Misses the Net.
6:01 of 1st period - Snap shot by Cole Sillinger.
6:01 of 1st period - Stopped by Martin Jones without a rebound.
6:02 of 1st period - Cole Sillinger wins face-off versus Scott Reedy in Tucson Roadrunners zone.
6:03 of 1st period - Slapshot by Rafael Harvey-Pinard.
6:03 of 1st period - Deflect By Lane Pederson.
6:03 of 1st period - Stopped by Martin Jones with a rebound.
6:15 of 1st period - Slapshot by Scott Reedy.
6:15 of 1st period - Stopped by Pheonix Copley without a rebound.
6:16 of 1st period - Matthew Nieto wins face-off versus Yakov Trenin in Abbotsford Heat zone.
6:17 of 1st period - Snap shot by Rocco Grimaldi.
6:17 of 1st period - Stopped by Pheonix Copley without a rebound.
6:18 of 1st period - Yakov Trenin wins face-off versus Justin Danforth in Abbotsford Heat zone.
6:18 of 1st period - Yakov Trenin is hit by Justin Danforth.
7:13 of 1st period - Slapshot by Scott Reedy.
7:13 of 1st period - Shot Blocked by Daniil Miromanov.
7:15 of 1st period - Minor Penalty to Wyatt Newpower for Hooking.
7:16 of 1st period - Yakov Trenin wins face-off versus Justin Danforth in Abbotsford Heat zone.
7:33 of 1st period - Yakov Trenin is hit by Michal Kempny and loses puck.
9:05 of 1st period - Michael Anderson is hit by Marian Studenic.
9:15 of 1st period - Penalty to Wyatt Newpower is over, Wyatt Newpower is back on ice.
9:21 of 1st period - Snap shot by Rocco Grimaldi.
9:21 of 1st period - Shot Misses the Net.
9:27 of 1st period - Lukas Rousek is hit by Alex Limoges and loses puck.
10:14 of 1st period - Off-side.
10:15 of 1st period - Benoit-Olivier Groulx wins face-off versus Scott Reedy in neutral zone.
10:27 of 1st period - Minor Penalty to Dennis Gilbert for Holding.
10:28 of 1st period - Yakov Trenin wins face-off versus Justin Danforth in Abbotsford Heat zone.
11:44 of 1st period - Matthew Highmore is hit by Wyatt Newpower and loses puck.
11:51 of 1st period - Slapshot by Benoit-Olivier Groulx.
11:51 of 1st period - Shot Blocked by Carson Soucy.
11:53 of 1st period - Snap shot by Michael Anderson.
11:53 of 1st period - Shot Misses the Net.
12:27 of 1st period - Penalty to Dennis Gilbert is over, Dennis Gilbert is back on ice.
12:56 of 1st period - Snap shot by Benoit-Olivier Groulx.
12:56 of 1st period - Stopped by Martin Jones with a rebound.
12:58 of 1st period - Wrist shot by Benoit-Olivier Groulx.
12:58 of 1st period - Deflect By Alex Limoges.
12:58 of 1st period - Goal by Alex Limoges - Abbotsford Heat : 1 - Tucson Roadrunners : 0.
12:59 of 1st period - Scott Reedy wins face-off versus Yakov Trenin in neutral zone.
13:13 of 1st period - Off-side.
13:14 of 1st period - Justin Danforth wins face-off versus Yakov Trenin in neutral zone.
13:29 of 1st period - Wrist shot by Justin Danforth.
13:29 of 1st period - Shot Misses the Net.
13:55 of 1st period - Matthew Highmore is hit by Cole Sillinger.
14:31 of 1st period - Wrist shot by Bobby Brink.
14:31 of 1st period - Deflect By Yakov Trenin.
14:31 of 1st period - Stopped by Martin Jones with a rebound.
14:33 of 1st period - Slapshot by Michael Anderson.
14:33 of 1st period - Deflect By Matthew Nieto.
14:33 of 1st period - Stopped by Martin Jones with a rebound.
14:35 of 1st period - Snap shot by Yakov Trenin.
14:35 of 1st period - Stopped by Martin Jones with a rebound.
14:59 of 1st period - Snap shot by Mikhail Maltsev.
14:59 of 1st period - Shot Misses the Net.
15:19 of 1st period - Rafael Harvey-Pinard is hit by Scott Reedy and loses puck.
15:36 of 1st period - Justin Danforth is hit by Wyatt Newpower and loses puck.
16:28 of 1st period - Slapshot by Justin Danforth.
16:28 of 1st period - Stopped by Pheonix Copley with a rebound.
16:30 of 1st period - Slapshot by Rocco Grimaldi.
16:30 of 1st period - Stopped by Pheonix Copley with a rebound.
17:11 of 1st period - Icing by Alex Limoges.
17:12 of 1st period - Benoit-Olivier Groulx wins face-off versus Mikhail Maltsev in Abbotsford Heat zone.
17:51 of 1st period - Snap shot by Rafael Harvey-Pinard.
17:51 of 1st period - Goal by Rafael Harvey-Pinard - Abbotsford Heat : 2 - Tucson Roadrunners : 0.
17:52 of 1st period - Justin Danforth wins face-off versus Yakov Trenin in neutral zone.
17:59 of 1st period - Snap shot by Matthew Nieto.
17:59 of 1st period - Shot Blocked by Cole Perfetti.
18:07 of 1st period - Wrist shot by Rocco Grimaldi.
18:07 of 1st period - Goal by Rocco Grimaldi - Abbotsford Heat : 2 - Tucson Roadrunners : 1.
18:08 of 1st period - Justin Danforth wins face-off versus Yakov Trenin in neutral zone.
18:17 of 1st period - Snap shot by Matthew Nieto.
18:17 of 1st period - Stopped by Pheonix Copley with a rebound.
18:22 of 1st period - Off-side.
18:23 of 1st period - Cole Sillinger wins face-off versus Justin Danforth in neutral zone.
18:30 of 1st period - Cole Sillinger is hit by Justin Danforth and loses puck.
19:16 of 1st period - Wrist shot by Marian Studenic.
19:16 of 1st period - Shot Misses the Net.
19:18 of 1st period - Slapshot by Nicolas Meloche.
19:18 of 1st period - Shot Blocked by Vincent Desharnais.
19:20 of 1st period - Wrist shot by Marian Studenic.
19:20 of 1st period - Shot Misses the Net.
Goals for this period are 2 for Abbotsford Heat vs 1 for Tucson Roadrunners.
Shots for this period are 9 for Abbotsford Heat vs 10 for Tucson Roadrunners.
2nd period
0:01 of 2nd period - Justin Danforth wins face-off versus Yakov Trenin in neutral zone.
0:14 of 2nd period - Snap shot by Matthew Nieto.
0:14 of 2nd period - Goal by Matthew Nieto - Abbotsford Heat : 2 - Tucson Roadrunners : 2.
0:15 of 2nd period - Justin Danforth wins face-off versus Yakov Trenin in neutral zone.
1:07 of 2nd period - Snap shot by Mikhail Maltsev.
1:07 of 2nd period - Stopped by Pheonix Copley with a rebound.
1:32 of 2nd period - Wrist shot by Alex Limoges.
1:32 of 2nd period - Shot Misses the Net.
1:34 of 2nd period - Slapshot by Jacob Peterson.
1:34 of 2nd period - Stopped by Martin Jones with a rebound.
1:36 of 2nd period - Slapshot by Ryan Merkley.
1:36 of 2nd period - Shot Blocked by Simon Benoit.
1:38 of 2nd period - Snap shot by Benoit-Olivier Groulx.
1:38 of 2nd period - Stopped by Martin Jones with a rebound.
1:42 of 2nd period - Snap shot by Alex Limoges.
1:42 of 2nd period - Stopped by Martin Jones with a rebound.
1:46 of 2nd period - Snap shot by Jacob Peterson.
1:46 of 2nd period - Shot Misses the Net.
1:48 of 2nd period - Slapshot by Ryan Merkley.
1:48 of 2nd period - Shot Blocked by Nick Seeler.
1:50 of 2nd period - Snap shot by Jacob Peterson.
1:50 of 2nd period - Shot Blocked by Ben Jones.
1:52 of 2nd period - Slapshot by Michael Anderson.
1:52 of 2nd period - Stopped by Martin Jones with a rebound.
1:54 of 2nd period - Backhand shot by Michael Anderson.
1:54 of 2nd period - Shot Blocked by Matthew Nieto.
1:58 of 2nd period - Wrist shot by Jacob Peterson.
1:58 of 2nd period - Shot Blocked by Andre Lee.
2:00 of 2nd period - Snap shot by Alex Limoges.
2:00 of 2nd period - Stopped by Martin Jones with a rebound.
2:06 of 2nd period - Snap shot by Jacob Peterson.
2:06 of 2nd period - Stopped by Martin Jones with a rebound.
2:08 of 2nd period - Wrist shot by Alex Limoges.
2:08 of 2nd period - Shot Misses the Net.
2:10 of 2nd period - Snap shot by Benoit-Olivier Groulx.
2:10 of 2nd period - Shot Blocked by Nick Seeler.
2:50 of 2nd period - Slapshot by Ben Jones.
2:50 of 2nd period - Stopped by Pheonix Copley without a rebound.
2:51 of 2nd period - Scott Reedy wins face-off versus Yakov Trenin in Abbotsford Heat zone.
2:52 of 2nd period - Snap shot by William Carrier.
2:52 of 2nd period - Deflect By Cole Perfetti.
2:52 of 2nd period - Shot Blocked by Dennis Gilbert.
2:52 of 2nd period - Puck is out of play.
2:53 of 2nd period - Scott Reedy wins face-off versus Yakov Trenin in Abbotsford Heat zone.
2:54 of 2nd period - Snap shot by William Carrier.
2:54 of 2nd period - Stopped by Pheonix Copley with a rebound.
3:20 of 2nd period - Lukas Rousek is hit by Lane Pederson.
3:44 of 2nd period - Scott Reedy is hit by Vincent Desharnais and loses puck.
5:24 of 2nd period - Wyatt Newpower is hit by William Carrier and loses puck.
5:47 of 2nd period - Alex Limoges is hit by Marian Studenic and loses puck.
5:58 of 2nd period - Benoit-Olivier Groulx is hit by Rocco Grimaldi.
7:48 of 2nd period - Michael Anderson is hit by Gage Goncalves.
8:04 of 2nd period - Vincent Desharnais is hit by Mikhail Maltsev and loses puck.
8:23 of 2nd period - Jacob Peterson is hit by Matthew Nieto and loses puck.
8:53 of 2nd period - Icing by Vincent Desharnais.
8:54 of 2nd period - Gabriel Fortier wins face-off versus Justin Danforth in Abbotsford Heat zone.
8:54 of 2nd period - Gabriel Fortier is hit by Rocco Grimaldi.
9:23 of 2nd period - Off-side.
9:24 of 2nd period - Mikhail Maltsev wins face-off versus Benoit-Olivier Groulx in neutral zone.
9:37 of 2nd period - Nick Seeler is hit by Vincent Desharnais and loses puck.
9:59 of 2nd period - Snap shot by Lane Pederson.
9:59 of 2nd period - Deflect By Rafael Harvey-Pinard.
9:59 of 2nd period - Shot Misses the Net.
9:59 of 2nd period - Puck is out of play.
10:00 of 2nd period - Yakov Trenin wins face-off versus Justin Danforth in Tucson Roadrunners zone.
10:06 of 2nd period - Wrist shot by Bobby Brink.
10:06 of 2nd period - Shot Misses the Net.
10:08 of 2nd period - Snap shot by Yakov Trenin.
10:08 of 2nd period - Stopped by Martin Jones without a rebound.
10:09 of 2nd period - Justin Danforth wins face-off versus Yakov Trenin in Tucson Roadrunners zone.
10:14 of 2nd period - Snap shot by Bobby Brink.
10:14 of 2nd period - Shot Misses the Net.
10:16 of 2nd period - Snap shot by Cole Perfetti.
10:16 of 2nd period - Shot Misses the Net.
10:35 of 2nd period - Slapshot by Bobby Brink.
10:35 of 2nd period - Shot Misses the Net.
10:43 of 2nd period - Snap shot by Bobby Brink.
10:43 of 2nd period - Stopped by Martin Jones with a rebound.
10:45 of 2nd period - Wrist shot by Michael Anderson.
10:45 of 2nd period - Deflect By Bobby Brink.
10:45 of 2nd period - Stopped by Martin Jones with a rebound.
10:47 of 2nd period - Slapshot by Ryan Merkley.
10:47 of 2nd period - Shot Misses the Net.
10:49 of 2nd period - Backhand shot by Ryan Merkley.
10:49 of 2nd period - Shot Blocked by Robert Hagg.
10:51 of 2nd period - Slapshot by Ryan Merkley.
10:51 of 2nd period - Stopped by Martin Jones with a rebound.
10:57 of 2nd period - Wrist shot by Cole Perfetti.
10:57 of 2nd period - Deflect By Bobby Brink.
10:57 of 2nd period - Stopped by Martin Jones with a rebound.
10:59 of 2nd period - Snap shot by Ryan Merkley.
10:59 of 2nd period - Deflect By Bobby Brink.
10:59 of 2nd period - Stopped by Martin Jones with a rebound.
11:01 of 2nd period - Wrist shot by Bobby Brink.
11:01 of 2nd period - Stopped by Martin Jones with a rebound.
11:03 of 2nd period - Snap shot by Yakov Trenin.
11:03 of 2nd period - Goal by Yakov Trenin - Abbotsford Heat : 3 - Tucson Roadrunners : 2.
11:04 of 2nd period - Lane Pederson wins face-off versus Scott Reedy in neutral zone.
11:09 of 2nd period - Slapshot by Rafael Harvey-Pinard.
11:09 of 2nd period - Shot Misses the Net.
11:17 of 2nd period - Snap shot by William Carrier.
11:17 of 2nd period - Stopped by Pheonix Copley with a rebound.
11:19 of 2nd period - Snap shot by Matthew Highmore.
11:19 of 2nd period - Shot Blocked by Cole Sillinger.
11:36 of 2nd period - Marian Studenic is hit by Michael Anderson and loses puck.
11:45 of 2nd period - Minor Penalty to Lukas Rousek for Hooking.
11:46 of 2nd period - Matthew Nieto wins face-off versus Yakov Trenin in Tucson Roadrunners zone.
11:57 of 2nd period - Slapshot by Ryan Merkley.
11:57 of 2nd period - Shot Misses the Net.
11:59 of 2nd period - Slapshot by Ryan Merkley.
11:59 of 2nd period - Shot Misses the Net.
12:01 of 2nd period - Wrist shot by Cole Perfetti.
12:01 of 2nd period - Deflect By Bobby Brink.
12:01 of 2nd period - Goal by Bobby Brink - Abbotsford Heat : 4 - Tucson Roadrunners : 2.
12:02 of 2nd period - Justin Danforth wins face-off versus Yakov Trenin in neutral zone.
12:09 of 2nd period - Wrist shot by Matthew Nieto.
12:09 of 2nd period - Stopped by Pheonix Copley with a rebound.
12:11 of 2nd period - Slapshot by Carson Soucy.
12:11 of 2nd period - Deflect By Matthew Nieto.
12:11 of 2nd period - Shot Misses the Net.
12:11 of 2nd period - Puck is out of play.
12:12 of 2nd period - Justin Danforth wins face-off versus Yakov Trenin in Abbotsford Heat zone.
12:34 of 2nd period - Slapshot by Matthew Nieto.
12:34 of 2nd period - Goal by Matthew Nieto - Abbotsford Heat : 4 - Tucson Roadrunners : 3.
12:35 of 2nd period - Bobby Brink wins face-off versus Justin Danforth in neutral zone.
13:00 of 2nd period - Ryan Merkley is hit by William Carrier and loses puck.
13:19 of 2nd period - Slapshot by Benoit-Olivier Groulx.
13:19 of 2nd period - Shot Blocked by Lukas Rousek.
14:14 of 2nd period - Justin Danforth is hit by Cole Sillinger and loses puck.
14:27 of 2nd period - Snap shot by Alex Limoges.
14:27 of 2nd period - Shot Misses the Net.
14:58 of 2nd period - Off-side.
14:59 of 2nd period - Ben Jones wins face-off versus Cole Sillinger in neutral zone.
15:06 of 2nd period - Snap shot by Lane Pederson.
15:06 of 2nd period - Shot Blocked by Andre Lee.
15:08 of 2nd period - Wrist shot by Cole Sillinger.
15:08 of 2nd period - Shot Misses the Net.
15:10 of 2nd period - Wrist shot by Rafael Harvey-Pinard.
15:10 of 2nd period - Deflect By Cole Sillinger.
15:10 of 2nd period - Shot Misses the Net.
15:10 of 2nd period - Puck is out of play.
15:11 of 2nd period - Scott Reedy wins face-off versus Cole Perfetti in Tucson Roadrunners zone.
15:47 of 2nd period - Mikhail Maltsev is hit by Ryan Merkley.
15:48 of 2nd period - Icing by Mikhail Maltsev.
15:49 of 2nd period - Yakov Trenin wins face-off versus Lukas Rousek in Tucson Roadrunners zone.
15:56 of 2nd period - Marian Studenic is hit by Yakov Trenin and loses puck.
16:02 of 2nd period - Icing by Michal Kempny.
16:03 of 2nd period - Mikhail Maltsev wins face-off versus Yakov Trenin in Tucson Roadrunners zone.
16:24 of 2nd period - Wrist shot by Marian Studenic.
16:24 of 2nd period - Stopped by Pheonix Copley with a rebound.
16:32 of 2nd period - Lane Pederson is hit by Michal Kempny and loses puck.
16:46 of 2nd period - Snap shot by Marian Studenic.
16:46 of 2nd period - Stopped by Pheonix Copley with a rebound.
16:48 of 2nd period - Snap shot by Marian Studenic.
16:48 of 2nd period - Shot Blocked by Ryan Merkley.
16:50 of 2nd period - Snap shot by Lukas Rousek.
16:50 of 2nd period - Shot Blocked by Benoit-Olivier Groulx.
16:52 of 2nd period - Slapshot by Mikhail Maltsev.
16:52 of 2nd period - Stopped by Pheonix Copley without a rebound.
16:53 of 2nd period - Justin Danforth wins face-off versus Yakov Trenin in Abbotsford Heat zone.
18:54 of 2nd period - Vincent Desharnais is hit by Rocco Grimaldi and loses puck.
19:09 of 2nd period - Lukas Rousek is hit by Cole Perfetti and loses puck.
19:22 of 2nd period - Wrist shot by Benoit-Olivier Groulx.
19:22 of 2nd period - Stopped by Martin Jones with a rebound.
19:24 of 2nd period - Snap shot by Benoit-Olivier Groulx.
19:24 of 2nd period - Shot Misses the Net.
Goals for this period are 2 for Abbotsford Heat vs 2 for Tucson Roadrunners.
Shots for this period are 16 for Abbotsford Heat vs 10 for Tucson Roadrunners.
3rd period
0:01 of 3rd period - Yakov Trenin wins face-off versus Justin Danforth in neutral zone.
0:10 of 3rd period - Justin Danforth is hit by Ryan Merkley and loses puck.
0:25 of 3rd period - Matthew Highmore is hit by Lane Pederson and loses puck.
0:44 of 3rd period - Slapshot by Jacob Peterson.
0:44 of 3rd period - Shot Blocked by Mikhail Maltsev.
0:46 of 3rd period - Snap shot by Benoit-Olivier Groulx.
0:46 of 3rd period - Goal by Benoit-Olivier Groulx - Abbotsford Heat : 5 - Tucson Roadrunners : 3.
0:47 of 3rd period - Rocco Grimaldi wins face-off versus Yakov Trenin in neutral zone.
0:52 of 3rd period - Slapshot by Rocco Grimaldi.
0:52 of 3rd period - Stopped by Pheonix Copley with a rebound.
1:01 of 3rd period - Wrist shot by Ryan Merkley.
1:01 of 3rd period - Stopped by Martin Jones with a rebound.
1:03 of 3rd period - Slapshot by Michael Anderson.
1:03 of 3rd period - Shot Blocked by Michal Kempny.
1:09 of 3rd period - Minor Penalty to Nicolas Meloche for High sticking.
1:10 of 3rd period - Yakov Trenin wins face-off versus Matthew Nieto in Tucson Roadrunners zone.
1:40 of 3rd period - Icing by Lane Pederson.
1:41 of 3rd period - Matthew Nieto wins face-off versus Rafael Harvey-Pinard in Abbotsford Heat zone.
1:58 of 3rd period - Slapshot by Bobby Brink.
1:58 of 3rd period - Shot Misses the Net.
2:40 of 3rd period - Icing by Bobby Brink.
2:41 of 3rd period - William Carrier wins face-off versus Yakov Trenin in Abbotsford Heat zone.
3:09 of 3rd period - Penalty to Nicolas Meloche is over, Nicolas Meloche is back on ice.
3:22 of 3rd period - Snap shot by Jacob Peterson.
3:22 of 3rd period - Shot Misses the Net.
3:24 of 3rd period - Slapshot by Michael Anderson.
3:24 of 3rd period - Shot Misses the Net.
4:09 of 3rd period - Off-side.
4:10 of 3rd period - Jacob Peterson wins face-off versus Mikhail Maltsev in neutral zone.
4:15 of 3rd period - Snap shot by Jacob Peterson.
4:15 of 3rd period - Stopped by Martin Jones with a rebound.
4:17 of 3rd period - Snap shot by Dennis Gilbert.
4:17 of 3rd period - Shot Misses the Net.
4:19 of 3rd period - Snap shot by Jacob Peterson.
4:19 of 3rd period - Stopped by Martin Jones without a rebound.
4:20 of 3rd period - Scott Reedy wins face-off versus Cole Sillinger in Tucson Roadrunners zone.
4:29 of 3rd period - Wrist shot by Cole Sillinger.
4:29 of 3rd period - Stopped by Martin Jones with a rebound.
5:10 of 3rd period - Marian Studenic is hit by Vincent Desharnais and loses puck.
5:19 of 3rd period - Snap shot by Mikhail Maltsev.
5:19 of 3rd period - Deflect By Lukas Rousek.
5:19 of 3rd period - Stopped by Pheonix Copley without a rebound.
5:20 of 3rd period - Yakov Trenin wins face-off versus Justin Danforth in Abbotsford Heat zone.
6:28 of 3rd period - Snap shot by Bobby Brink.
6:28 of 3rd period - Shot Misses the Net.
6:30 of 3rd period - Snap shot by Wyatt Newpower.
6:30 of 3rd period - Deflect By Bobby Brink.
6:30 of 3rd period - Shot Blocked by Justin Danforth.
6:30 of 3rd period - Puck is out of play.
6:31 of 3rd period - Cole Sillinger wins face-off versus Justin Danforth in Tucson Roadrunners zone.
7:21 of 3rd period - Michal Kempny is hit by Jacob Peterson and loses puck.
7:32 of 3rd period - Slapshot by Nicolas Meloche.
7:32 of 3rd period - Stopped by Pheonix Copley with a rebound.
7:34 of 3rd period - Slapshot by Michal Kempny.
7:34 of 3rd period - Stopped by Pheonix Copley with a rebound.
7:36 of 3rd period - Slapshot by Michal Kempny.
7:36 of 3rd period - Shot Blocked by Benoit-Olivier Groulx.
7:38 of 3rd period - Slapshot by Nicolas Meloche.
7:38 of 3rd period - Stopped by Pheonix Copley without a rebound.
7:39 of 3rd period - Scott Reedy wins face-off versus Yakov Trenin in Abbotsford Heat zone.
7:50 of 3rd period - Slapshot by Cole Perfetti.
7:50 of 3rd period - Stopped by Martin Jones without a rebound.
7:51 of 3rd period - Scott Reedy wins face-off versus Yakov Trenin in Tucson Roadrunners zone.
7:51 of 3rd period - Scott Reedy is hit by Ryan Merkley.
8:16 of 3rd period - Scott Reedy is hit by Ryan Merkley.
10:32 of 3rd period - Snap shot by Robert Hagg.
10:32 of 3rd period - Shot Misses the Net.
11:14 of 3rd period - Marian Studenic is hit by Wyatt Newpower and loses puck.
11:21 of 3rd period - Snap shot by Alex Limoges.
11:21 of 3rd period - Shot Misses the Net.
11:31 of 3rd period - Snap shot by Rocco Grimaldi.
11:31 of 3rd period - Stopped by Pheonix Copley with a rebound.
11:51 of 3rd period - Slapshot by Matthew Highmore.
11:51 of 3rd period - Stopped by Pheonix Copley with a rebound.
13:23 of 3rd period - Andre Lee is hit by Rafael Harvey-Pinard and loses puck.
13:54 of 3rd period - Icing by Dennis Gilbert.
13:55 of 3rd period - Mikhail Maltsev wins face-off versus Gabriel Fortier in Abbotsford Heat zone.
14:02 of 3rd period - Slapshot by Marian Studenic.
14:02 of 3rd period - Shot Misses the Net.
14:24 of 3rd period - Wrist shot by Benoit-Olivier Groulx.
14:24 of 3rd period - Stopped by Martin Jones with a rebound.
14:58 of 3rd period - Nicolas Meloche is hit by Cole Sillinger and loses puck.
15:26 of 3rd period - Wrist shot by Mikhail Maltsev.
15:26 of 3rd period - Shot Blocked by Ryan Merkley.
15:32 of 3rd period - Wrist shot by Matthew Nieto.
15:32 of 3rd period - Stopped by Pheonix Copley with a rebound.
15:34 of 3rd period - Slapshot by Nicolas Meloche.
15:34 of 3rd period - Deflect By Matthew Nieto.
15:34 of 3rd period - Stopped by Pheonix Copley with a rebound.
15:36 of 3rd period - Slapshot by Justin Danforth.
15:36 of 3rd period - Stopped by Pheonix Copley with a rebound.
16:27 of 3rd period - Scott Reedy is hit by Bobby Brink and loses puck.
17:36 of 3rd period - Slapshot by Gage Goncalves.
17:36 of 3rd period - Shot Misses the Net.
18:16 of 3rd period - Minor Penalty to Andre Lee for Hooking.
18:17 of 3rd period - Matthew Nieto wins face-off versus Yakov Trenin in Tucson Roadrunners zone.
Goals for this period are 1 for Abbotsford Heat vs 0 for Tucson Roadrunners.
Shots for this period are 7 for Abbotsford Heat vs 10 for Tucson Roadrunners.
Back to the Top